 Dungeon Crawl Stone Soup version 0.17.1-2-g5865329 (webtiles) character file.

718 PossumBlood the Cleaver (level 7, -1/57 HPs)
             Began as a Minotaur Fighter on Jan 21, 2016.
             Was an Initiate of Okawaru.
             Succumbed to Sigmund's poison
             ... on level 4 of the Dungeon.
             The game lasted 00:11:56 (3536 turns).

PossumBlood the Cleaver (Minotaur Fighter)          Turns: 3536, Time: 00:11:56

Health: -1/57      AC:  8    Str: 22    XL:     7   Next: 42%
Magic:  6/6        EV:  7    Int: 13    God:    Okawaru [......]
Gold:   264        SH:  9    Dex: 13    Spells: 0 memorised, 6 levels left

rFire  . . .     SeeInvis .     a - +1 war axe
rCold  . . .     Clarity  .     b - +0 scale mail
rNeg   . . .     SustAt   .     c - +0 shield
rPois  .         Gourm    .     (helmet restricted)
rElec  .         Spirit   .     (no cloak)
rCorr  .         Warding  .     (no gloves)
rMut   .         Stasis   .     h - +0 pair of boots
MR     .....                    (no amulet)
Stlth  ..........               m - +3 ring of dexterity
                                j - +3 ring of intelligence

@: brilliant, lethally poisoned (-1 -> -11), exhausted, slowed, very slow, not
resistant to hostile enchantments, extremely unstealthy
A: retaliatory headbutt, horns 2
a: Renounce Religion


You were on level 4 of the Dungeon.
You worshipped Okawaru.
Okawaru was noncommittal.
You were not hungry.

You visited 2 branches of the dungeon, and saw 5 of its levels.

You collected 264 gold pieces.

Inventory:

Hand Weapons
 a - a +1 war axe (weapon)
Missiles
 f - 4 tomahawks (quivered)
Armour
 b - a +0 scale mail (worn)
 c - a +0 shield (worn)
 h - a +0 pair of boots (worn)
 p - a +0 leather armour of fire resistance
Jewellery
 g - an uncursed ring of magical power
 j - a +3 ring of intelligence (left hand)
 m - a +3 ring of dexterity (right hand)
Wands
 i - a wand of slowing (16)
 n - a wand of disintegration (10)
 q - a wand of confusion (16)
 s - a wand of random effects (29)
Scrolls
 l - 2 scrolls of remove curse
Potions
 d - a potion of might
Comestibles
 e - 2 bread rations
 k - a meat ration


   Skills:
 - Level 3.6 Fighting
 * Level 10.1 Axes
 - Level 3.6 Armour
 - Level 3.6 Shields


You had 6 spell levels left.
You didn't know any spells.

Dungeon Overview and Level Annotations

Branches:
Dungeon (4/15)             Temple (1/1) D:4

Altars:
Ashenzari
Cheibriados
Dithmenos
Elyvilon
Fedhas
Gozag
Makhleb
Nemelex Xobeh
Okawaru
Qazlal
Ru
Sif Muna
Trog
Vehumet
Yredelemnul
Zin


Innate Abilities, Weirdness & Mutations

You reflexively headbutt those who attack you in melee.
You have a pair of horns on your head.


Message History

You are too berserk!
You feel a strong urge to attack something.
* * * LOW HITPOINT WARNING * * *
You feel sick.
* * * LOW HITPOINT WARNING * * *
You feel sick.
You feel your anger subside.
* * * LOW HITPOINT WARNING * * *
You feel sick.
You are no longer berserk.
You are exhausted.
You feel yourself slow down.
* * * LOW HITPOINT WARNING * * *
You feel sick.
* * * LOW HITPOINT WARNING * * *
You feel sick.
Drink which item? (? for menu, Esc to quit)
It was a potion of brilliance.
You feel clever all of a sudden.
You die...

...#.#..⌠...⌠..##.#..#.######
. ....................##....
.###.........#..#..#.......
##.##.##.##..#..#.......
........................
...............#####....
..#.##..######## ..##
.........###### #
..#....@.......
...%....####### ....##$##
..## .... .. #... ... .#.
..... .# #... .#### # .. ..
.#. ##


There were no monsters in sight!

Vanquished Creatures
  Sigmund (D:4)
  The ghost of Caphalor the Slasher, an amateur DsFi of Okawaru (D:3)
  2 big kobolds (D:3)
  2 orc priests (D:3)
  A worker ant (D:4)
  3 gnolls
  4 adders
  4 oozes
  5 giant geckos
  14 orcs
  4 bats
  2 giant cockroaches
  10 hobgoblins
  2 jackals (D:2)
  4 quokkas
  2 giant newts
  4 goblins
  47 kobolds
  6 rats
118 creatures vanquished.

Notes
Turn   | Place    | Note
--------------------------------------------------------------
     0 | D:1      | PossumBlood the Minotaur Fighter began the quest for the Orb.
     0 | D:1      | Reached XP level 1. HP: 19/19 MP: 0/0
   446 | D:1      | Reached XP level 2. HP: 24/26 MP: 1/1
   568 | D:1      | Reached skill level 4 in Axes
   721 | D:2      | Found a shattered altar of Ashenzari.
   740 | D:2      | Reached XP level 3. HP: 31/31 MP: 2/2
   906 | D:2      | Reached skill level 5 in Axes
   920 | D:2      | Reached XP level 4. HP: 33/39 MP: 3/3
  1206 | D:3      | Noticed a big kobold
  1217 | D:3      | Killed a big kobold
  1217 | D:3      | Reached skill level 6 in Axes
  1217 | D:3      | Reached XP level 5. HP: 27/45 MP: 4/4
  1289 | D:3      | Noticed Caphalor's ghost (amateur DsFi)
  1298 | D:3      | Killed Caphalor's ghost
  1298 | D:3      | Reached skill level 7 in Axes
  1298 | D:3      | Reached XP level 6. HP: 18/51 MP: 5/5
  1549 | D:3      | Reached skill level 8 in Axes
  1874 | D:3      | Noticed a big kobold
  1885 | D:3      | Killed a big kobold
  2207 | D:3      | Reached skill level 9 in Axes
  2971 | D:4      | Reached XP level 7. HP: 54/57 MP: 6/6
  3031 | D:4      | Found a staircase to the Ecumenical Temple.
  3048 | Temple   | Entered the Ecumenical Temple
  3084 | Temple   | Became a worshipper of Warmaster Okawaru
  3517 | D:4      | Noticed Sigmund
  3528 | D:4      | Killed Sigmund
  3528 | D:4      | Reached skill level 10 in Axes
  3531 | D:4      | HP: 4/85 [poisoned by Sigmund]
  3534 | D:4      | HP: 1/57 [poisoned by Sigmund]
  3536 | D:4      | Succumbed to Sigmund's poison

Action                   |  1- 3 |  4- 6 |  7- 9 || total
-------------------------+-------+-------+-------++-------
Melee: War axe           |    65 |   154 |    32 ||   251
  Use: Scroll            |       |     7 |       ||     7
       Potion            |       |       |     2 ||     2
  Eat: Fruit             |       |     2 |       ||     2
       Bread ration      |       |     1 |       ||     1
       Pizza             |       |     1 |       ||     1
       Beef jerky        |       |     1 |       ||     1
